 Dungeon Crawl Stone Soup version 0.28-a0-533-g9f97627e2a (webtiles) character file.

Game seed: 14975323994705599279

28 demibob the Slasher (level 2, 0/22 HPs)
             Began as a Demonspawn Gladiator on Sept 25, 2021.
             Slain by Terence (4 damage)
             ... on level 1 of the Dungeon.
             The game lasted 00:00:44 (929 turns).

demibob the Slasher (Demonspawn Gladiator)           Turns: 929, Time: 00:00:44

Health: 0/22       AC:  6    Str: 14    XL:     2   Next: 96%
Magic:  2/2        EV: 12    Int:  9    God:
Gold:   20         SH:  0    Dex: 14    Spells: 1/1 levels left

rFire   . . .      SeeInvis .   a - +0 long sword
rCold   . . .      Faith    .   (no shield)
rNeg    . . .      Spirit   .   b - +0 leather armour
rPois   .          Reflect  .   c - +0 helmet
rElec   .          Harm     .   (no cloak)
rCorr   .          Rampage  .   (no gloves)
Will    .....                   (no boots)
Stlth   +.........              (no amulet)
HPRegen 0.07/turn               (no ring)
MPRegen 0.08/turn               (no ring)

@: mighty
A: icy blue scales 1
a: no special abilities


You were on level 1 of the Dungeon.
You visited 1 branch of the dungeon, and saw 2 of its levels.

You collected 20 gold pieces.


Innate Abilities, Weirdness & Mutations

You are partially covered in icy blue scales. (AC +2)


   Skills:
 - Level 2.0 Fighting
 + Level 3.8 Long Blades
 - Level 1.7 Throwing
 - Level 2.6 Dodging


You had one spell level left.
You didn't know any spells.
Your spell library was empty.

Inventory:

Hand Weapons
 a - a +0 long sword (weapon)
Missiles
 d - 3 throwing nets (quivered) {=f}
Armour
 b - a +0 leather armour (worn)
 c - a +0 helmet (worn)
Scrolls
 f - a scroll of teleportation {unknown}
Potions
 g - a potion of heal wounds {unknown}
 h - a potion of brilliance {unknown}

Dungeon Overview and Level Annotations

Branches:
Dungeon (2/15)

Altars:

Annotations:
D:1 Terence

### ### #.# #.# #.# #.#
#.# #.# #.# #.# # ##.#
#.# # #..# #.# ##
#..#####@# .# #..'...g@#
.## #..####### ..####
#.....# .....####.....#
........#.....##########
##............รท........#
#####......[.########.#
####.....# #.# #.......#
#.#


You could see Terence and a gnoll.


Message History

A frilled lizard comes into view.
You are too injured to fight recklessly!
You are too injured to fight recklessly!
You are too injured to fight recklessly!
You are too injured to fight recklessly!
You are too injured to fight recklessly!
You are too injured to fight recklessly!
You are too injured to fight recklessly!
You are too injured to fight recklessly!
You are too injured to fight recklessly!
You are too injured to fight recklessly!
You are too injured to fight recklessly!
You are too injured to fight recklessly!
You are too injured to fight recklessly!
You are too injured to fight recklessly!
Unknown command.
The frilled lizard hisses angrily.
There is a stone staircase leading up here.
Terence barely misses you. The gnoll barely misses you.
You climb upwards.
There is a stone staircase leading down here.
You hit Terence but do no damage.
Terence is moderately wounded.
Terence hits you but does no damage. The gnoll hits you with a +0 flail.
* * * LOW HITPOINT WARNING * * *
It was a potion of might.
You feel very mighty all of a sudden. Terence closely misses you.
The gnoll closely misses you.
You barely miss the gnoll. Terence hits you with a +0 flail.
You die...

Skill      XL: |  1 |
---------------+----+-----
Long Blades    | 3 |  3.8
Fighting       | |  2.0
Throwing       | |  1.7
Dodging        | |  2.6

Action                   || total
-------------------------++-------
Melee: Long sword        ||    55
  Use: Potion            ||     1
Armor: Leather armour    ||    19
Dodge: Dodged            ||    50

Levels and vault maps discovered:
D:1:      dpeg_arrival_another_circle, layout_basic, serial_curves,
          eino_curves_02, eino_curves_04, eino_curves_04, minmay_tiny_reverse_x
D:2:      layout_rooms, serial_shops, nicolae_shop_stone, st_stairs_10,
          uniq_crazy_yiuf_cottage, uniq_jessica, uniq_terence

Notes
Turn   | Place    | Note
-------+----------+-------------------------------------------
     0 | D:1      | demibob the Demonspawn Gladiator began the quest for the
                  | Orb.
     0 | D:1      | Reached XP level 1. HP: 16/16 MP: 1/1
   104 | D:1      | Reached skill level 3 in Long Blades
   477 | D:1      | Gained mutation: You are partially covered in icy blue
                  | scales. (AC +2) [demonic ancestry]
   477 | D:1      | Reached XP level 2. HP: 22/22 MP: 2/2
   910 | D:2      | Noticed Terence
   929 | D:1      | Slain by Terence

Vanquished Creatures
  A gnoll (D:2)
  A dart slug (D:1)
  2 endoplasms
  A giant cockroach (D:1)
  A goblin (D:1)
  A hobgoblin (D:1)
  3 ball pythons (D:1)
  4 bats (D:1)
  A frilled lizard (D:1)
  A kobold (D:1)
  2 rats (D:1)
18 creatures vanquished.

Table legend: (Time is in decaauts)
 A = Elapsed time spent in this place.
 B = Non-inter-level travel time spent in this place.
 C = Inter-level travel time spent in this place.
 D = Time resting spent in this place.
 E = Time spent auto-exploring this place.
 F = Levels seen in this place.
 G = Mean time per level.
                   A        B        C        D        E       F      G
               +--------+--------+--------+--------+--------+-----+--------+
         Total |    942 |    935 |      7 |    184 |    634 |   2 |  471.0 |
       Dungeon |    942 |    935 |      7 |    184 |    634 |   2 |  471.0 |
               +--------+--------+--------+--------+--------+-----+--------+

Top non-repeatable levels by time:
     D:1: 925 daAuts
     D:2: 17 daAuts

Table legend:
 A = Non-vault XP
 B = Vault XP
 C = Vault XP percentage of total XP
 D = Non-vault monster count
 E = Vault monster count
 F = Vault count percentage of total count
                 A         B        C        D         E       F
            +---------+---------+-------+---------+---------+-------
      Total |      37 |       3 |   7.5 |      16 |       2 |  11.1
            +---------+---------+-------+---------+---------+-------
        D:1 |      21 |       3 |  12.5 |      14 |       2 |  12.5
        D:2 |      16 |       0 |   0.0 |       2 |       0 |   0.0
            +---------+---------+-------+---------+---------+-------
